 Dungeon Crawl Stone Soup version 0.29.1-1-gd02db69 (webtiles) character file.

Game seed: 12032012458435396083

116 Kel the Chopper (level 5, -2/32 HPs)
             Began as a Gargoyle Berserker on Nov 26, 2022.
             Was a Believer of Trog.
             Slain by Grinder (9 damage)
             ... on level 3 of the Dungeon.
             The game lasted 00:03:18 (2376 turns).

Kel the Chopper (Gargoyle Berserker)                Turns: 2376, Time: 00:03:19

Health: -2/32      AC:  0    Str: 22    XL:     5   Next: 1%
Magic:  5/5        EV: 14    Int:  8    God:    Trog [**....]
Gold:   111        SH:  0    Dex:  9    Spells: 4/4 levels left

rFire   . . .      SeeInvis .   (weapon currently unavailable)
rCold   . . .      Faith    .   (shield currently unavailable)
rNeg    + . .      Spirit   .   (body armour currently unavailable)
rPois   ∞          Reflect  .   (helmet currently unavailable)
rElec   .          Harm     .   (cloak currently unavailable)
rCorr   .          Rampage  .   (gloves currently unavailable)
Will    .....                   (boots currently unavailable)
Stlth   +.........              (no amulet)
HPRegen 0.10/turn               (ring currently unavailable)
MPRegen 0.09/turn               (ring currently unavailable)

@: mighty, pig-form, on berserk cooldown, slowed
A: fast, no casting, sickness immunity, AC +4, small, negative energy resistance
1, (electricity resistance), torment resistance 1, petrification resistance
a: Renounce Religion, Berserk, Trog's Hand


You were on level 3 of the Dungeon.
You worshipped Trog.
Trog was pleased with you.
You were a filthy swine.
You visited 1 branch of the dungeon, and saw 3 of its levels.

You collected 111 gold pieces.

Inventory:

Hand Weapons
 a - a +0 hand axe (melded)
Armour
 e - a +0 pair of boots (melded)
 h - a +0 ring mail (melded)
Jewellery
 m - a ring of protection from cold
Scrolls
 d - 3 scrolls of identify {unknown}
 f - a scroll of poison {unknown}
 i - a scroll of silence {unknown}
 j - a scroll of enchant weapon {unknown}
 k - a scroll of blinking {unknown}
 n - a scroll of teleportation {unknown}
 o - a scroll of amnesia {unknown}
Potions
 b - 2 potions of haste {unknown}
 c - 2 potions of might
 g - a potion of flight {unknown}
 l - a potion of cancellation {unknown}


   Skills:
 - Level 3.2 Fighting
 + Level 5.0 Axes
 - Level 2.1 Armour
 - Level 1.5 Dodging


You had 4 spell levels left.
You didn't know any spells.
Your spell library was empty.

Dungeon Overview and Level Annotations

Branches:
Dungeon (3/15)

Altars:

Annotations:
D:3 Grinder


Innate Abilities, Weirdness & Mutations

You are a filthy swine.
You move quickly.
Your equipment is almost entirely melded.
You are incapable of wielding weapons or throwing items.
You cannot cast spells.
You are immune to sickness and miasma.
((Your stone body is resilient. (AC +4)))
You are immune to poison.
You resist negative energy. (rN+)
((You are resistant to electric shocks. (rElec)))
You are resistant to unholy torment.
You are immune to petrification.


Message History

Your +0 hand axe melds into your body.
Your +0 pair of boots melds into your body.
Your +0 ring mail melds into your body.
The now-empty wand crumbles to dust.
You hear some strange, mumbled words.
Something tries to affect you, but you resist.
It was a potion of might.
You feel very mighty all of a sudden.
You feel less confused. Something hits you.
You bite something! Trog accepts your kill.
Trog appreciates your killing of a magic user.
Reactivating autopickup.
You feel a bit more experienced.
Your Axes skill increases to level 5!
You have reached level 5!
You bite Grinder!
Grinder is moderately wounded.
Grinder gestures at you.
You barely resist. You hit Grinder.
Grinder is moderately wounded.
Grinder gestures at you. Pain shoots through your body!
Grinder barely misses you.
You hit Grinder.
Grinder is moderately wounded.
Grinder gestures at you. Pain shoots through your body!
You closely miss Grinder.
Grinder is moderately wounded.
Grinder blinks!
Unknown command.
You barely miss Grinder.
Grinder is moderately wounded.
Grinder hits you. x2
* * * LOW HITPOINT WARNING * * *
You barely miss Grinder.
Grinder is moderately wounded.
Grinder says, "Just stop there for a second..."
Grinder hits you!
You die...

#.........#
#.........#
###........##
?..........#
#.........#
#####.........##
...<...!........
#..<5)....#
##.h)....##
##.......#
#.......>.#
#...........
...........$.
###...........
##...[.....#
##...#...#
.[.######


You could see Grinder.

Vanquished Creatures
  An orc wizard (D:3)
  3 adders (D:2)
  A worm (D:2)
  3 dart slugs
  5 orcs (D:2)
  4 endoplasms
  6 goblins
  3 hobgoblins
  3 jackals (D:1)
  5 kobolds
  3 ball pythons
  4 bats
  4 frilled lizards
  6 rats
51 creatures vanquished.

Notes
Turn   | Place    | Note
-------+----------+-------------------------------------------
     0 | D:1      | Kel the Gargoyle Berserker began the quest for the Orb.
     0 | D:1      | Reached XP level 1. HP: 14/14 MP: 1/1
   174 | D:1      | Reached skill level 3 in Axes
   176 | D:1      | Reached XP level 2. HP: 16/19 MP: 2/2
   765 | D:1      | Reached XP level 3. HP: 18/23 MP: 3/3
  1220 | D:2      | Found a faded altar of an unknown god.
  1248 | D:2      | Reached ** piety under Trog
  1510 | D:2      | Reached skill level 4 in Axes
  1865 | D:3      | Noticed Grinder
  1920 | D:2      | Reached XP level 4. HP: 5/28 MP: 4/4
  2360 | D:3      | Paralysed by Grinder for 4 turns
  2370 | D:3      | Reached skill level 5 in Axes
  2370 | D:3      | Reached XP level 5. HP: 23/32 MP: 5/5
  2376 | D:3      | Slain by Grinder

Illustrated notes

Levels and vault maps discovered:
D:1:      tarquinn_simple_flora_water_b, layout_loops_ring, kennysheep_boxes
D:2:      layout_basic, basic_ecumenical_altar
D:3:      layout_rooms, uniq_grinder

Skill      XL: |  1  2  3  4 |
---------------+-------------+-----
Axes           | 3 4 5 |  5.0
Fighting       | |  3.2
Armour         | |  2.1
Dodging        | |  1.5

Action                   |  1- 3 |  4- 6 || total
-------------------------+-------+-------++-------
Melee: Hand axe          |   105 |    33 ||   138
       Unarmed           |       |     7 ||     7
Invok: Berserk           |       |     1 ||     1
  Use: Potion            |       |     1 ||     1
Armor: Animal skin       |     7 |       ||     7
       Ring mail         |    41 |    34 ||    75
       Leather armour    |     3 |       ||     3
Dodge: Dodged            |    68 |    25 ||    93
